Map: Last Remnant

Players

oleg

  • Race: Protoss Protoss
  • Spawn Location: 9:00

Next

  • Race: Protoss Protoss
  • League: Platinum
  • Spawn Location: 7:00

zzz

  • Race: Protoss Protoss
  • Spawn Location: 6:00

LaJota

  • Race: Zerg Zerg
  • Spawn Location: 6:00

MooEsqoo

  • Race: Protoss Protoss
  • Spawn Location: 3:00

Akira

  • Race: Terran Terran
  • Spawn Location: 12:00

Majorchewie

  • Race: Protoss Protoss
  • Spawn Location: 1:00

lyker

  • Race: Zerg Zerg
  • League: Silver
  • Spawn Location: 12:00

VOD

Have the link to the VOD?

Description

Time

  • Played on: Nov. 13, 2019, 9:21 a.m.
  • Length: 12:16
Show
View Real Time Build Order
Export as new Build Order

oleg Protoss 

Build Orders: Cannon Rush 

Get SALT Encoding   

  12  0:02  Probe (Chrono Boost)  
  13  0:11  Probe (Chrono Boost)  
  14  0:16  Probe (Chrono Boost)  
  15  0:27  Pylon  
  15  0:45  Probe  
  15  0:48  Forge  
  16  0:57  Probe (Chrono Boost)  
  17  1:09  Probe (Chrono Boost)  
  18  1:16  Probe (Chrono Boost)  
  19  1:26  Photon Cannon  
  19  1:31  Photon Cannon  
  19  1:36  Photon Cannon  
  19  1:45  Gateway  
  19  2:01  Assimilator  
  19  2:06  Assimilator  
  19  2:12  Nexus  
  19  2:19  Pylon  
  19  2:25  Probe (Chrono Boost)  
  20  2:35  Probe (Chrono Boost)  
  21  2:40  Probe (Chrono Boost)  
  22  2:48  Cybernetics Core  
  22  2:57  Pylon  
  22  3:06  Pylon  
  22  3:19  Photon Cannon  
  22  3:25  Probe (Chrono Boost)  
  23  3:33  Photon Cannon  
  24  3:35  Probe (Chrono Boost)  
  24  3:40  Probe (Chrono Boost)  
  25  3:49  Assimilator  
  25  4:03  Pylon, Probe  
  26  4:10  Stargate  
  26  4:14  Stargate  
  26  4:15  Probe  
  27  4:27  Photon Cannon, Probe  
  28  4:32  Photon Cannon  
  28  4:37  Shield Battery  
  28  4:48  Photon Cannon  
  28  4:59  Shield Battery  
  28  5:14  Probe (Chrono Boost)  
  29  5:25  Void Ray x2, Probe (Chrono Boost)  
  38  5:29  Probe (Chrono Boost)  
  39  5:41  Probe (Chrono Boost)  
  40  5:43  Protoss Air Weapons Level 1  
  40  5:49  Probe (Chrono Boost)  
  34  6:07  Void Ray  
  34  6:08  Void Ray  
  42  6:18  Probe (Chrono Boost)  
  43  6:30  Probe (Chrono Boost)  
  44  6:35  Probe (Chrono Boost)  
  45  6:44  Probe  
  46  6:50  Void Ray  
  46  6:51  Void Ray  
  54  7:03  Stargate  
  54  7:17  Pylon  
  54  7:33  Void Ray  
  58  7:44  Pylon  
  58  7:49  Photon Cannon  
  58  8:32  Void Ray  
  58  8:33  Void Ray x2  
  30  10:14  Void Ray x3  
  42  10:24  Assimilator  
  42  10:38  Fleet Beacon  
  42  10:55  Nexus  
  42  11:07  Pylon  
  42  11:08  Void Ray  
  46  11:14  Pylon  
  46  11:19  Pylon  
  46  11:22  Assimilator  
  46  11:26  Void Ray  
  46  11:29  Void Ray  
  54  11:38  Photon Cannon  
  54  11:40  Photon Cannon  
  54  11:44  Photon Cannon  
  54  11:48  Photon Cannon  
  54  11:52  Photon Cannon  
  54  11:54  Photon Cannon  
  58  12:07  Shield Battery  
Show
View Real Time Build Order
Export as new Build Order

Next Protoss 

Build Orders:  

Get SALT Encoding   

  12  0:39  Probe  
  13  0:45  Assimilator  
  13  0:51  Probe  
  13  0:55  Assimilator  
  14  1:22  Probe  
  14  1:25  Nexus  
  15  1:49  Pylon x2  
  15  2:07  Probe  
  16  2:28  Probe  
  17  2:34  Gateway  
  17  2:40  Probe  
  18  2:53  Probe  
  19  3:05  Probe  
  20  3:17  Probe  
  21  3:29  Probe  
  22  3:49  Probe  
  23  4:01  Probe  
  24  4:03  Cybernetics Core  
  24  4:24  Probe  
  24  4:27  Probe  
  26  4:31  Assimilator  
  26  4:35  Assimilator  
  26  4:36  Probe  
  27  4:39  Probe  
  28  4:48  Probe  
  29  4:57  Stargate x2  
  29  4:59  Stargate  
  29  5:00  Probe  
  29  5:06  Stargate  
  30  5:07  Stargate  
  30  5:14  Pylon x2  
  30  5:16  Pylon x2  
  30  5:25  Probe (Chrono Boost)  
  31  5:35  Probe (Chrono Boost)  
  32  5:40  Probe (Chrono Boost)  
  33  5:47  Void Ray x2  
  41  5:50  Void Ray  
  41  5:51  Void Ray, Probe  
  50  6:03  Probe  
  51  6:30  Void Ray x2  
  59  6:33  Void Ray  
  63  6:42  Void Ray  
  67  6:58  Probe  
  68  8:35  Void Ray x2  
  76  8:48  Pylon  
  76  8:50  Pylon  
  76  8:52  Pylon x2  
  76  8:59  Fleet Beacon  
  76  9:06  Void Ray  
  80  9:18  Void Ray x2  
  88  9:56  Carrier x2  
  100  10:01  Carrier  
  62  11:01  Carrier (Chrono Boost)  
  60  11:14  Tempest (Chrono Boost)  
  60  11:16  Tempest (Chrono Boost)  
  75  11:21  Tempest (Chrono Boost)  
Show
View Real Time Build Order
Export as new Build Order

zzz Protoss 

Build Orders: Cannon Rush 

Get SALT Encoding   

  12  0:07  Probe (Chrono Boost)  
  13  0:17  Probe (Chrono Boost)  
  14  0:22  Probe (Chrono Boost)  
  14  0:27  Pylon  
  15  0:46  Forge  
  15  0:48  Pylon, Probe  
  16  1:01  Pylon  
  16  1:13  Probe (Chrono Boost)  
  17  1:21  Photon Cannon  
  17  1:23  Probe (Chrono Boost)  
  18  1:27  Photon Cannon  
  18  1:41  Photon Cannon  
  18  1:51  Probe  
  18  1:52  Photon Cannon  
  19  2:02  Photon Cannon  
  19  2:29  Nexus  
  19  2:39  Assimilator  
  19  2:41  Probe (Chrono Boost)  
  19  2:44  Assimilator  
  21  2:51  Probe (Chrono Boost)  
  21  2:57  Gateway  
  21  3:03  Probe (Chrono Boost)  
  22  3:07  Pylon  
  22  3:15  Probe (Chrono Boost)  
  23  3:24  Probe (Chrono Boost)  
  24  3:36  Probe (Chrono Boost)  
  25  3:41  Probe (Chrono Boost)  
  27  3:51  Probe (Chrono Boost)  
  27  3:52  Probe (Chrono Boost)  
  27  3:53  Photon Cannon  
  27  3:54  Pylon  
  28  3:58  Photon Cannon  
  28  4:02  Photon Cannon  
  28  4:17  Cybernetics Core  
  28  4:20  Probe (Chrono Boost)  
  29  4:30  Probe (Chrono Boost)  
  30  4:34  Photon Cannon  
  30  4:53  Photon Cannon  
  30  4:55  Photon Cannon  
  30  5:00  Pylon  
  31  5:08  Probe (Chrono Boost)  
  31  5:10  Probe (Chrono Boost)  
  32  5:15  Assimilator  
  32  5:18  Probe (Chrono Boost)  
  32  5:20  Assimilator, Probe (Chrono Boost)  
  34  5:25  Stargate  
  36  5:28  Probe (Chrono Boost)  
  36  5:29  Probe (Chrono Boost)  
  36  5:32  Stargate  
  36  5:33  Probe (Chrono Boost)  
  36  5:34  Probe (Chrono Boost)  
  38  5:40  Stargate  
  38  5:44  Probe  
  38  5:46  Probe  
  40  5:58  Probe  
  40  6:02  Protoss Air Weapons Level 1  
  41  6:05  Photon Cannon  
  41  6:10  Phoenix  
  41  6:11  Probe  
  44  6:24  Phoenix  
  46  6:29  Fleet Beacon  
  46  6:33  Pylon  
  46  6:35  Phoenix  
  46  6:36  Phoenix  
  46  6:39  Probe (Chrono Boost)  
  51  6:49  Probe (Chrono Boost)  
  51  6:51  Shield Battery  
  52  6:56  Shield Battery  
  52  7:01  Shield Battery  
  52  7:11  Nexus  
  52  7:15  Pylon  
  52  7:19  Pylon  
  52  7:26  Anion Pulse-Crystals  
  52  7:36  Photon Cannon  
  52  7:41  Photon Cannon  
  52  7:46  Photon Cannon  
  52  7:49  Assimilator  
  52  7:54  Assimilator  
  52  8:22  Phoenix  
  52  8:23  Phoenix x2  
  58  8:32  Stargate x2  
  58  8:37  Probe (Chrono Boost)  
  59  8:44  Protoss Shields Level 1  
  59  8:45  Probe (Chrono Boost)  
  60  8:51  Probe  
  60  8:54  Phoenix x2 (Chrono Boost)  
  60  8:55  Phoenix (Chrono Boost)  
  67  8:58  Protoss Air Weapons Level 2 (Chrono Boost)  
  67  9:12  Phoenix (Chrono Boost)  
  67  9:13  Phoenix (Chrono Boost)  
  77  9:17  Phoenix (Chrono Boost)  
  77  9:19  Phoenix (Chrono Boost)  
  77  9:23  Phoenix (Chrono Boost)  
  77  9:32  Phoenix x2 (Chrono Boost)  
  77  9:36  Phoenix (Chrono Boost)  
  81  9:44  Phoenix (Chrono Boost)  
  87  9:53  Phoenix (Chrono Boost)  
  87  9:59  Phoenix (Chrono Boost)  
  91  10:04  Phoenix (Chrono Boost)  
  91  10:06  Pylon  
  91  10:08  Pylon  
  91  10:11  Pylon  
  93  10:24  Phoenix (Chrono Boost)  
  93  10:25  Phoenix (Chrono Boost)  
  95  10:30  Phoenix  
  95  10:32  Phoenix  
  99  10:38  Phoenix  
  101  10:44  Phoenix  
  103  10:58  Phoenix x2  
  107  11:17  Phoenix x2  
Show
View Real Time Build Order
Export as new Build Order

LaJota Zerg 

Build Orders: Hatch First, Roach Hydra 

Get SALT Encoding   

  12  0:06  Drone  
  13  0:16  Drone  
  14  0:50  Hatchery  
  14  0:55  Spawning Pool  
  12  0:58  Drone  
  12  1:04  Overlord  
  13  1:16  Drone  
  14  1:23  Drone x2  
  16  1:35  Drone  
  17  1:40  Extractor  
  17  1:43  Queen  
  18  1:55  Roach Warren  
  18  1:58  Extractor  
  16  2:07  Drone  
  18  2:15  Drone x2  
  18  2:20  Drone  
  20  2:27  Queen  
  22  2:34  Drone  
  23  2:40  Overlord  
  23  2:45  Drone x2  
  23  2:46  Drone  
  26  2:55  Roach  
  26  2:57  Overlord  
  28  3:06  Spore Crawler  
  28  3:07  Extractor  
  28  3:12  Extractor  
  25  3:15  Roach  
  25  3:16  Roach  
  25  3:18  Roach  
  31  3:27  Drone x2  
  31  3:28  Drone  
  31  3:33  Roach  
  36  3:36  Roach  
  36  3:39  Drone  
  39  3:48  Drone x2  
  41  3:56  Drone x2  
  41  3:57  Drone  
  44  4:09  Overlord  
  40  4:36  Roach  
  40  4:37  Roach x3  
  40  4:38  Lair  
  42  4:39  Roach x3  
  42  4:40  Roach  
  42  4:43  Drone  
  42  4:44  Drone  
  50  4:47  Drone  
  51  4:56  Drone  
  51  4:57  Overlord  
  52  5:18  Roach x2  
  56  5:21  Ravager  
  56  5:22  Ravager x2  
  56  5:23  Ravager  
  56  5:24  Hatchery  
  59  5:31  Overlord x2  
  59  5:39  Glial Reconstitution  
  59  5:45  Hydralisk Den  
  59  5:47  Evolution Chamber  
  57  5:51  Spore Crawler  
  56  6:05  Spore Crawler  
  55  6:15  Muscular Augments  
  55  6:16  Hydralisk x4  
  63  6:19  Drone  
  63  6:25  Drone x2  
  66  6:32  Drone  
  67  6:33  Drone  
  67  6:34  Drone  
  67  6:37  Drone  
  70  6:43  Queen  
  70  6:46  Drone  
  73  6:50  Overseer  
  73  6:54  Zerg Missile Weapons Level 1  
  73  7:01  Drone x2  
  75  7:02  Overlord  
  75  7:26  Roach x2  
  75  7:27  Roach, Overlord x2  
  81  7:36  Drone  
  82  7:37  Overlord x2  
  82  7:42  Spore Crawler  
  81  7:45  Drone  
  81  7:46  Drone x2  
  81  7:47  Drone x3  
  81  7:49  Drone x4  
  81  7:50  Drone  
  82  8:30  Hydralisk  
  82  8:31  Hydralisk x2  
  82  8:33  Hydralisk x4, Roach x4  
  82  8:34  Hydralisk x2  
  102  8:39  Ravager  
  110  8:41  Ravager  
  110  8:43  Roach  
  110  8:44  Roach  
  110  8:46  Overlord  
  110  8:48  Overlord x2  
  114  9:04  Drone x3  
  114  9:06  Drone x2  
  114  9:07  Drone  
  120  9:19  Extractor  
  120  9:21  Drone  
  120  9:22  Extractor  
  120  9:23  Hydralisk x3  
  120  9:24  Hydralisk  
  127  9:31  Infestation Pit  
  127  9:34  Hydralisk x3, Evolution Chamber, Grooved Spines  
  127  9:38  Burrow  
  131  9:40  Hydralisk, Roach  
  131  9:41  Drone  
  136  9:50  Hydralisk  
  138  9:55  Zerg Ground Armor Level 1  
  138  10:00  Zerg Missile Weapons Level 2  
  138  10:03  Overlord  
  138  10:04  Overlord x2  
  138  10:16  Overlord  
  138  10:17  Overlord x2  
  138  10:21  Neural Parasite  
  138  10:24  Hive  
  126  11:23  Hydralisk x2  
  126  11:24  Infestor x3  
  138  11:25  Roach  
  138  11:26  Roach x3  
Show
View Real Time Build Order
Export as new Build Order

MooEsqoo Protoss 

Build Orders: 1 Gate Expand, Oracle Opening 

Get SALT Encoding   

  12  0:02  Probe  
  13  0:14  Probe  
  13  0:19  Pylon  
  14  0:31  Probe  
  15  0:39  Gateway  
  15  0:45  Assimilator  
  15  0:47  Probe  
  16  1:00  Probe  
  17  1:13  Probe  
  18  1:28  Nexus  
  18  1:33  Probe  
  19  1:43  Cybernetics Core  
  19  1:47  Pylon  
  19  1:50  Probe  
  20  2:12  Probe  
  21  2:17  Assimilator  
  21  2:20  Stalker  
  23  2:30  Probe  
  24  2:42  Probe  
  25  2:50  Stalker  
  27  3:06  Stargate  
  27  3:12  Gateway  
  27  3:14  Gateway  
  27  3:18  Pylon  
  27  3:19  Probe  
  28  3:20  Pylon, Zealot  
  28  3:21  Probe  
  31  3:32  Probe  
  32  3:42  Assimilator  
  32  3:44  Probe  
  33  3:48  Stalker  
  33  3:52  Oracle  
  38  3:56  Probe  
  38  3:59  Warp Gate  
  39  4:05  Zealot  
  39  4:07  Zealot  
  43  4:11  Probe  
  43  4:13  Probe  
  45  4:29  Probe  
  46  4:39  Probe  
  46  4:42  Stalker  
  46  4:43  Stalker x2  
  53  4:50  Phoenix  
  53  4:51  Probe  
  56  5:03  Probe  
  57  5:12  Pylon  
  57  5:18  Gateway  
  57  5:28  Robotics Facility  
  57  5:29  Gateway  
  57  5:32  Phoenix  
  57  5:34  Zealot x2  
  57  5:35  Zealot  
  65  6:08  Probe  
  66  6:14  Assimilator  
  66  6:17  Probe  
  67  6:20  Stalker, Probe  
  67  6:25  Pylon  
  70  6:26  Pylon  
  70  6:43  Probe x2  
  72  7:03  Stalker  
  72  7:05  Zealot x4  
  75  7:46  Phoenix  
  75  7:50  Warp Prism  
  79  7:53  Stalker x3  
  85  7:59  Pylon  
  85  8:02  Pylon  
  85  8:05  Pylon  
  71  8:08  Pylon  
  71  8:09  Pylon  
  71  8:12  Pylon, Probe  
  64  8:23  Stalker x5  
  64  8:24  Probe  
  64  8:25  Phoenix  
  73  9:00  Nexus  
  73  9:02  Assimilator  
  73  9:08  Stalker  
  73  9:09  Stalker x4  
  68  9:56  Forge  
  68  10:20  Assimilator  
  50  10:44  Stalker x2  
  50  11:10  Pylon  
  50  11:12  Pylon, Phoenix  
  50  11:14  Pylon  
  52  11:52  Pylon  
  52  11:55  Pylon  
Show
View Real Time Build Order
Export as new Build Order

Akira Terran 

Build Orders:  

Get SALT Encoding   

  12  0:03  SCV  
  13  0:15  SCV  
  14  0:27  Supply Depot  
  14  0:30  SCV  
  15  0:49  Refinery  
  15  0:58  Barracks  
  15  1:05  Barracks  
  15  1:14  Barracks  
  15  1:20  SCV  
  16  1:32  Supply Depot  
  16  1:38  SCV  
  17  1:46  Barracks Reactor  
  17  1:55  Barracks Reactor  
  17  1:56  Supply Depot  
  17  2:05  Barracks Tech Lab  
  17  2:22  Marine  
  17  2:23  Marine  
  17  2:24  Marine  
  20  2:32  Supply Depot  
  20  2:33  Marine x2  
  20  2:35  SCV  
  23  2:40  Marine  
  23  2:41  Marine  
  23  2:42  Marine  
  26  2:55  Marine  
  26  2:56  Marine  
  26  2:58  Marine x2  
  28  3:00  Marine  
  31  3:13  Marine x2  
  31  3:19  Marauder, Marine  
  36  3:24  Marine  
  37  3:31  Marine x2  
  39  3:39  Marine  
  40  3:43  Marauder  
  42  3:57  Marine x2  
  44  4:03  Marine  
  44  4:04  Marauder  
  28  4:45  Marine x3  
  26  4:46  Marine x2  
  28  5:03  Marine  
  28  5:04  Combat Shield  
  28  5:05  Marine x2  
  28  5:06  Marine x2  
  33  5:11  Factory  
  33  5:15  Refinery  
  33  5:21  Supply Depot, Marine  
  34  5:25  SCV  
  35  5:32  Marine x2  
  35  5:35  Marine  
  38  5:37  SCV  
  39  5:57  Factory Tech Lab  
  39  6:21  Siege Tank  
  39  6:24  Command Center  
  42  6:27  Marine  
  42  6:28  Marine  
  44  6:53  Siege Tank, Starport  
  47  7:12  Orbital Command  
  47  7:26  Siege Tank  
  50  7:42  Starport Reactor  
  33  8:18  Marine  
  33  8:19  Marine x4  
  28  8:23  Medivac  
  30  8:31  Supply Depot  
  30  8:36  Marine x5  
  30  8:39  SCV  
  33  8:51  SCV  
  33  8:53  Stimpack  
  33  8:54  Marine x5  
  39  9:02  Engineering Bay  
  39  9:03  SCV  
  40  9:12  Marine x5  
  45  9:29  Marine  
  46  10:03  Marine  
  46  10:04  Marine x4  
  51  10:21  Marine  
  51  10:22  Marine x4  
  51  10:24  Medivac x2  
  60  10:31  Engineering Bay  
  60  10:34  SCV  
  61  10:39  Marine x5  
  66  10:46  SCV  
  67  10:54  Medivac  
  69  10:57  Marine x5  
  69  10:58  SCV  
  66  11:15  Marine  
Show
View Real Time Build Order
Export as new Build Order

Majorchewie Protoss 

Build Orders: 1 Gate Expand 

Get SALT Encoding   

  12  0:04  Probe  
  13  0:16  Probe  
  13  0:20  Pylon  
  14  0:28  Probe  
  15  0:40  Probe  
  15  0:41  Gateway  
  16  0:52  Probe  
  17  1:16  Nexus  
  17  1:21  Assimilator  
  18  1:31  Cybernetics Core  
  17  1:33  Probe  
  18  1:45  Probe  
  19  1:58  Gateway  
  19  2:00  Pylon, Probe  
  20  2:01  Warp Gate (Chrono Boost)  
  20  2:12  Probe  
  21  2:23  Gateway  
  21  2:24  Probe  
  22  2:31  Gateway  
  22  2:35  Probe  
  22  2:36  Probe  
  24  2:45  Assimilator  
  24  2:47  Probe  
  25  2:57  Probe (Chrono Boost)  
  26  2:59  Probe (Chrono Boost)  
  27  3:09  Probe (Chrono Boost)  
  27  3:11  Probe (Chrono Boost)  
  29  3:14  Probe (Chrono Boost)  
  29  3:17  Stargate  
  29  3:19  Probe  
  31  3:26  Probe  
  32  3:38  Pylon, Probe  
  33  3:41  Pylon  
  33  3:42  Stalker x3  
  33  3:45  Stalker  
  41  3:50  Probe  
  42  4:02  Probe  
  43  4:05  Stargate  
  43  4:10  Assimilator  
  43  4:13  Assimilator  
  43  4:21  Gateway  
  43  4:23  Gateway, Probe (Chrono Boost)  
  44  4:26  Stargate  
  44  4:33  Probe (Chrono Boost)  
  44  4:38  Probe (Chrono Boost)  
  44  5:04  Twilight Council  
  44  5:07  Pylon  
  44  5:13  Pylon  
  44  5:17  Pylon, Probe (Chrono Boost)  
  44  5:20  Void Ray  
  49  5:21  Pylon  
  49  5:25  Nexus  
  49  5:26  Pylon  
  50  5:28  Pylon  
  50  5:29  Probe (Chrono Boost)  
  50  5:31  Pylon  
  50  5:33  Stalker  
  50  5:34  Stalker x2, Pylon, Probe (Chrono Boost)  
  57  5:44  Assimilator  
  57  5:49  Assimilator  
  57  5:53  Probe  
  57  5:55  Forge  
  58  5:57  Forge  
  58  5:59  Stalker x2  
  62  6:05  Probe  
  62  6:07  Void Ray  
  68  6:20  Probe (Chrono Boost)  
  68  6:21  Probe (Chrono Boost)  
  69  6:31  Protoss Air Weapons Level 1  
  69  6:32  Probe (Chrono Boost)  
  70  6:39  Probe (Chrono Boost)  
  72  6:41  Probe (Chrono Boost)  
  72  6:46  Probe x2 (Chrono Boost)  
  74  6:49  Probe (Chrono Boost)  
  74  6:51  Probe (Chrono Boost)  
  74  6:53  Protoss Shields Level 1 (Chrono Boost), Probe  
  74  6:54  Blink (Chrono Boost)  
  77  6:59  Probe  
  78  7:03  Probe  
  78  7:05  Protoss Ground Weapons Level 1 (Chrono Boost), Probe  
  80  7:15  Probe  
  81  7:16  Fleet Beacon  
  81  7:17  Probe  
  82  7:23  Pylon  
  82  7:25  Pylon  
  82  7:27  Pylon  
  82  7:29  Void Ray x2, Probe  
  91  7:50  Photon Cannon  
  91  7:52  Photon Cannon  
  91  7:54  Photon Cannon  
  91  7:57  Photon Cannon  
  81  8:33  Void Ray (Chrono Boost)  
  81  8:34  Void Ray (Chrono Boost)  
  77  8:55  Stalker x2  
  77  8:56  Stalker x2  
  77  8:57  Stalker x2  
  76  9:20  Gateway  
  76  9:21  Stalker  
  76  9:22  Stalker x4, Gateway  
  81  9:24  Gateway  
  79  9:39  Protoss Ground Armor Level 1  
  79  9:44  Pylon  
  75  9:46  Stalker, Pylon  
  75  9:47  Stalker x3  
  75  9:48  Stalker  
  85  9:53  Pylon  
  85  9:58  Carrier x2 (Chrono Boost)  
  66  10:52  Carrier x2 (Chrono Boost)  
  78  11:10  Zealot x3  
  78  11:11  Zealot x3  
  90  11:15  Stalker x3  
  90  11:25  Shield Battery  
  84  11:28  Shield Battery  
  77  11:45  Zealot x3  
  77  11:46  Zealot x3  
  68  11:58  Stalker  
  56  12:10  Stalker x2  
  56  12:11  Stalker x4  
Show
View Real Time Build Order
Export as new Build Order

lyker Zerg 

Build Orders: Pool First 

Get SALT Encoding   

  12  0:11  Drone  
  12  0:12  Drone  
  14  0:18  Overlord  
  14  0:37  Spawning Pool  
  14  0:39  Drone  
  15  0:42  Drone  
  15  0:53  Drone  
  15  0:56  Drone  
  17  1:02  Extractor  
  16  1:06  Drone  
  17  1:26  Zergling x2  
  17  1:28  Queen  
  17  1:30  Zergling x2  
  21  1:39  Overlord  
  21  2:00  Zergling x4  
  23  2:10  Drone  
  24  2:26  Drone  
  25  2:33  Drone  
  26  2:39  Drone x2  
  26  2:40  Drone  
  29  2:58  Lair  
  29  3:05  Drone  
  30  3:08  Extractor  
  29  3:19  Hatchery  
  28  3:25  Metabolic Boost  
  28  3:28  Zergling x2  
  28  3:29  Zergling x2  
  28  3:34  Overlord x2  
  30  4:02  Drone x3  
  33  4:07  Spire  
  32  4:13  Drone  
  32  4:14  Drone x2  
  35  4:19  Queen  
  37  4:24  Extractor  
  36  4:35  Queen  
  36  4:36  Drone  
  39  4:50  Drone  
  40  4:58  Extractor  
  39  5:12  Drone x2  
  41  5:18  Drone  
  41  5:19  Queen  
  44  5:29  Drone x3, Infestation Pit  
  44  5:30  Drone  
  44  5:31  Mutalisk x2  
  44  5:35  Drone  
  52  5:36  Overlord  
  52  5:37  Overlord  
  52  6:04  Drone  
  52  6:05  Drone x2  
  55  6:12  Hive, Spire  
  55  6:17  Nydus Network  
  53  6:20  Drone  
  53  6:23  Mutalisk  
  53  6:24  Mutalisk x2  
  60  6:34  Drone x3  
  60  6:39  Drone x2  
  66  6:40  Drone x3  
  66  6:42  Overlord  
  68  7:10  Nydus Canal  
  68  7:25  Nydus Canal  
  68  7:46  Greater Spire  
  68  7:47  Zerg Flyer Weapons Level 1  
  68  7:55  Hatchery  
  68  7:56  Hatchery  
  66  8:11  Zergling x4  
  66  8:12  Zergling x10  
  73  8:13  Zergling x6  
  76  8:34  Overlord x3  
  76  8:54  Spore Crawler  
  75  8:55  Corruptor  
  75  8:56  Spore Crawler, Corruptor x3  
  82  9:16  Corruptor x2  
  82  9:17  Corruptor  
  82  9:21  Overlord x2  
  88  9:24  Zerg Flyer Armor Level 1  
  86  9:57  Corruptor x2  
  86  9:58  Corruptor  
  92  10:00  Corruptor x3  
  92  10:05  Overlord x3  
  92  10:06  Overlord  
  98  10:13  Corruptor  
  100  10:15  Corruptor  
  100  10:16  Corruptor  
  96  10:41  Mutalisk, Corruptor  
  96  10:42  Corruptor x3  
  47  11:24  Brood Lord  
  47  11:25  Brood Lord x2  
Tags
 
Add a new tag
Caveats
  • Supply blocks, unpowered buildings, or Contaminate may cause inaccurate times.
  • Supply counts are checked every 10 seconds.